 Dungeon Crawl Stone Soup version 0.27-a0-380-g150de4c316 (webtiles) character file.

Game seed: 6982655153369999834

4298 dracos369 the Geomancer (level 9, -5/67 HPs)
             Began as a Demigod Earth Elementalist on Feb 16, 2021.
             Slain by a boulder beetle (23 damage)
             ... on level 9 of the Dungeon on Feb 17, 2021.
             The game lasted 00:26:54 (11371 turns).

dracos369 the Geomancer (DgEE)                     Turns: 11371, Time: 00:26:55

Health: -5/67      AC: 11    Str: 13    XL:     9   Next: 86%
Magic:  2/18       EV: 12    Int: 25    God:
Gold:   472        SH:  5    Dex: 14    Spells: 6/16 levels left

rFire    . . .     SeeInvis .   I - +3 great sword
rCold    . . .     Faith    .   (shield currently unavailable)
rNeg     . . .     Spirit   .   L - +2 leather armour {rPois}
rPois    +         Reflect  +   r - +0 helmet
rElec    .         Harm     .   (no cloak)
rCorr    .         Rampage  .   p - +1 pair of gloves {archery}
Will     .....                  j - +1 pair of boots
Stlth    ++........             l - amulet of reflection
HPRegen  0.21/turn              D - ring of flight
MPRegen  0.16/turn              (no ring)

@: no status effects
A: high mp 1
a: Evoke Flight


You were on level 9 of the Dungeon.
You visited 2 branches of the dungeon, and saw 10 of its levels.

You collected 472 gold pieces.

Inventory:

Hand Weapons
 s - a +2 vorpal trident
 I - a +3 great sword (weapon)
Missiles
 b - 293 stones
Armour
 j - a +1 pair of boots (worn)
 p - a +1 pair of gloves of archery (worn)
 r - a +0 helmet (worn)
 t - a +1 leather armour of positive energy
 y - a +0 kite shield
 L - a +2 leather armour of poison resistance (worn)
Magical Staves
 K - a staff of cold
Jewellery
 l - an amulet of reflection (around neck)
 D - a ring of flight (left hand)
Wands
 k - a wand of random effects (10)
 u - a wand of acid (16)
 B - a wand of flame (19)
 G - a wand of paralysis (12)
Scrolls
 d - 2 scrolls of blinking {unknown}
 e - 7 scrolls of teleportation
 f - 3 scrolls of enchant weapon {unknown}
 g - 3 scrolls of fog {unknown}
 h - 9 scrolls of identify {unknown}
 i - 3 scrolls of magic mapping {unknown}
 m - 2 scrolls of immolation {unknown}
 x - 5 scrolls of enchant armour {unknown}
 C - 2 scrolls of amnesia {unknown}
 E - a scroll of random uselessness {unknown}
 H - a scroll of fear {unknown}
Potions
 a - 7 potions of might {unknown}
 c - a potion of mutation {unknown}
 o - a potion of flight {unknown}
 q - 3 potions of curing
 v - a potion of resistance {unknown}
 w - 2 potions of haste {unknown}
 z - a potion of invisibility {unknown}
 A - a potion of cancellation {unknown}
 F - a potion of berserk rage {unknown}
 J - a potion of degeneration {unknown}


   Skills:
 - Level 2.0 Fighting
 + Level 6.2 Armour
 - Level 1.7 Dodging
 - Level 1.7 Stealth
 - Level 4.0 Spellcasting
 + Level 5.9 Conjurations
 - Level 0.8 Transmutations
 * Level 9.6 Earth Magic


You had 6 spell levels left.
You knew the following spells:

 Your Spells              Type           Power        Failure   Level
a - Stone Arrow           Conj/Erth      86%          1%          3
d - Lee's Rapid Deconstr  Erth           26%          6%          5
s - Sandblast             Erth           100%         1%          1
A - Apportation           Tloc           10%          11%         1

Your spell library contained the following spells:

 Spells                   Type           Power        Failure   Level
 Passwall                 Tmut/Erth      25%          1%          2
 Animate Skeleton         Necr           10%          11%         1
 Corona                   Hex            5%           11%         1
 Summon Small Mammal      Summ           20%          11%         1
 Petrify                  Tmut/Erth      31%          13%         4
 Confusing Touch          Hex            5%           32%         3
 Gell's Gravitas          Tloc           2%           32%         3
 Yara's Violent Unravell  Hex/Tmut       3%           95%         5
 Metabolic Englaciation   Hex/Ice        2%           97%         5


Dungeon Overview and Level Annotations

Branches:
Dungeon (9/15)             Temple (1/1) D:6            Lair (0/6) D:8
    Orc: D:9-12

Shops:
D:7 :

Annotations:
D:4 1 runed translucent door, vurker's ghost, amateur TeAE
D:9 2 transporters, inc's ghost, novice FeCK


Innate Abilities, Weirdness & Mutations

You have an increased reservoir of magic. (+10% MP)


Message History

Aiming: Stone Arrow (safe; 1% risk of failure)
Press: ? - help, Q - select action, (/) - cycle Shift-Dir - straight line, f/p - boulder beetle
Aim: a boulder beetle (heavily wounded, 0% to evade)
The stone arrow hits the boulder beetle!
The boulder beetle is severely wounded.
The boulder beetle bites you!!
* * * LOW HITPOINT WARNING * * *
Unknown command.
Unknown command.
You feel much better. The boulder beetle bites you.
* * * LOW HITPOINT WARNING * * *
You feel much better. The boulder beetle bites you!
You completely miss the boulder beetle.
The boulder beetle is severely wounded.
The boulder beetle bites you!
* * * LOW HITPOINT WARNING * * *
You feel much better. The boulder beetle closely misses you.
You barely miss the boulder beetle.
The boulder beetle is severely wounded.
You block the boulder beetle's attack. The boulder beetle closely misses you.
You hit the boulder beetle but do no damage.
The boulder beetle is severely wounded.
The boulder beetle bites you. The boulder beetle bites you!!
* * * LOW HITPOINT WARNING * * *
You hit the boulder beetle but do no damage.
The boulder beetle is severely wounded.
The boulder beetle closely misses you.
You riposte.
You slash the boulder beetle!
The boulder beetle is almost dead.
Unknown command.
Unknown command.
Unknown command.
Unknown command.
Unknown command.
Unknown command.
Unknown command.
Unknown command.
The boulder beetle curls into a ball and begins rolling!
The boulder beetle hits you!!
You die...

#################################
........................#.....#..
........................#.....#..
...$....................#.....#..
........................#.....#..
............°°○B@.._....'...†.'..
........................#.....#..
........................#.....#..
........................#.....#..
#########################.....#..
.................................
.................................
...).............................
.........>.......................


You could see a boulder beetle.

Vanquished Creatures
  A two-headed ogre (D:8)
  Eustachio (D:4)
  A wyvern (D:9)
  2 ice beasts
  2 eyes of draining
  2 orc warriors
  A hornet zombie (D:8)
  6 ogres
  3 centaurs
  2 phantoms
  3 bullfrogs
  A wyvern skeleton (D:7)
  3 scorpions (D:8)
  4 wights (D:7)
  A howler monkey (D:9)
  A bullfrog zombie (D:7)
  A jelly (D:8)
  2 orc priests
  5 hounds
  A centaur skeleton (D:5)
  A bullfrog skeleton (D:9)
  Ijyb (D:4)
  Natasha (thrice) (D:2)
  3 iguanas
  8 orc wizards
  6 worker ants
  4 hound skeletons
  A worker ant zombie (D:9)
  Robin (D:3)
  2 howler monkey skeletons
  8 adders
  3 gnolls (D:5)
  2 shadow imps (D:6)
  A white imp (D:5)
  An ufetubus (D:8)
  An ooze (D:7)
  An adder zombie (D:8)
  An adder skeleton (D:6)
  3 worms
  3 leopard geckos
  35 orcs
  10 bats
  A giant cockroach (D:1)
  17 goblins
  13 hobgoblins
  10 jackals
  8 kobolds
  6 quokkas
  4 frilled lizards
  A jackal skeleton (D:4)
  A leopard gecko skeleton (D:5)
  A quokka zombie (D:6)
  10 rats
214 creatures vanquished.

Vanquished Creatures (others)
  A wizard (D:6)
1 creature vanquished.

Grand Total: 215 creatures vanquished

Notes
Turn   | Place    | Note
-------+----------+-------------------------------------------
     0 | D:1      | dracos369 the Demigod Earth Elementalist began the quest
                  | for the Orb.
     0 | D:1      | Reached XP level 1. HP: 14/14 MP: 5/5
   301 | D:1      | Reached skill level 3 in Earth Magic
   374 | D:1      | Reached XP level 2. HP: 20/20 MP: 1/7
  1158 | D:2      | Noticed Natasha
  1169 | D:2      | Reached skill level 1 in Armour
  1171 | D:2      | Reached XP level 3. HP: 27/27 MP: 0/8
  1187 | D:2      | Killed Natasha
  1188 | D:2      | Reached skill level 1 in Fighting
  1396 | D:2      | Reached XP level 4. HP: 26/35 MP: 1/9
  1400 | D:2      | Learned a level 3 spell: Stone Arrow
  1413 | D:2      | Noticed Natasha
  1428 | D:2      | Killed Natasha
  1526 | D:2      | Reached skill level 4 in Earth Magic
  1653 | D:2      | Noticed Natasha
  1659 | D:2      | Killed Natasha
  1929 | D:2      | Reached XP level 5. HP: 41/41 MP: 7/10
  2051 | D:2      | Found a faded altar of an unknown god.
  2839 | D:3      | Reached skill level 1 in Conjurations
  2911 | D:3      | Noticed Robin
  2936 | D:3      | Killed Robin
  3491 | D:4      | Noticed Eustachio
  3503 | D:4      | Killed Eustachio
  3504 | D:4      | Reached skill level 5 in Earth Magic
  3504 | D:4      | Reached XP level 6. HP: 48/48 MP: 2/11
  3731 | D:4      | Found a runed translucent door.
  3731 | D:4      | Noticed vurker's ghost (amateur TeAE)
  3820 | D:4      | Reached XP level 7. HP: 41/55 MP: 7/13
  4081 | D:4      | Noticed Ijyb
  4089 | D:4      | Killed Ijyb
  4435 | D:5      | Entered Level 5 of the Dungeon
  4543 | D:5      | Reached skill level 6 in Earth Magic
  4855 | D:5      | Upgraded the game from 0.27-a0-364-g31b3477d74 to
                  | 0.27-a0-380-g150de4c316
  5839 | D:6      | Found a sacrificial altar of Ru.
  5921 | D:6      | Found a staircase to the Ecumenical Temple.
  5938 | Temple   | Entered the Ecumenical Temple
  6272 | D:6      | Reached XP level 8. HP: 60/61 MP: 9/14
  6631 | D:6      | Learned a level 5 spell: Lee's Rapid Deconstruction
  6846 | D:6      | Found a broken altar of Ashenzari.
  6916 | D:6      | Reached skill level 7 in Earth Magic
  7180 | D:6      | Found a bloodstained altar of Trog.
  7181 | D:6      | Noticed a wizard
  7187 | D:6      | Killed a wizard
  7456 | D:7      | Found a stormy altar of Qazlal.
  7459 | D:7      | Found Etsitsit's Book Boutique.
  7908 | D:7      | Found a hide-covered altar of Uskayaw.
  7909 | D:7      | Found a bloodstained altar of Trog.
  7909 | D:7      | Found a shimmering blue altar of Sif Muna.
  7910 | D:7      | Found an opulent altar of Gozag.
  8165 | D:7      | Found a shadowy altar of Dithmenos.
  8429 | D:8      | Reached skill level 5 in Armour
  8461 | D:8      | Reached skill level 8 in Earth Magic
  8550 | D:8      | Found a staircase to the Lair.
  8850 | D:8      | Reached XP level 9. HP: 67/67 MP: 13/17
  9020 | D:8      | Reached skill level 5 in Conjurations
  9659 | D:8      | Found a shimmering altar of Xom.
  9682 | D:8      | Noticed a two-headed ogre
  9698 | D:8      | Killed a two-headed ogre
  9699 | D:8      | Reached skill level 9 in Earth Magic
 10165 | D:9      | Found a transporter.
 10176 | D:9      | Found a transporter.
 10176 | D:9      | Noticed a purple ugly thing
 10176 | D:9      | Noticed a toenail golem
 10198 | D:9      | Noticed a toenail golem
 10208 | D:9      | Noticed a hell hog
 10215 | D:9      | Noticed inc's ghost (novice FeCK)
 10216 | D:9      | Learned a level 1 spell: Apportation
 11319 | D:9      | Found a shimmering altar of Xom.
 11336 | D:9      | Noticed a boulder beetle
 11371 | D:9      | Slain by a boulder beetle

Illustrated notes

Levels and vault maps discovered:
D:1:      evilmike_arrival_fibonacci_small, layout_basic
D:2:      layout_basic, chequers_ecumenical_altar_simple_redux, uniq_natasha
D:3:      layout_basic, uniq_robin
D:4:      layout_basic, hellmonk_ghost_happy_afterlife, uniq_ijyb,
          uniq_eustachio
D:5:      layout_basic
D:6:      layout_loops_cross, nicolae_ru_great_annihilating_truth,
          ashenzari_altar_1, temple_green, serial_co_window_serial,
          co_window_corner_a, co_window_of_opportunity_a, co_window_paths_b,
          co_window_paths_b, co_window_corner_a, co_window_cross_2,
          co_window_2corner, co_window_2corner, co_window_corner_ca,
          co_window_2corner, glass_columns_b, glass_columns_a, glass_columns_a,
          glass_columns_a, trog_wizard
D:7:      layout_rooms, chequers_temple_overflow_statue_of_worship,
          lemuel_crystal_altar, basic_altar, serial_shops, shop
D:8:      layout_cave_pods, lair_entry_dummy, basic_altar
D:9:      layout_grid_maze, gammafunk_ghost_abyssal_escape,
          brannock_xom_greatest_gift
Temple:   regret_index_temple_waves

Skill      XL: |  1  2  3  4  5  6  7  8  9 |
---------------+----------------------------+-----
Earth Magic    | 3 4 5 6 8 9 |  9.6
Spellcasting   | 2 3 4 |  4.0
Armour         | 1 2 3 4 5 6 |  6.2
Fighting       | 1 2 |  2.0
Conjurations   | 1 2 3 4 5 |  5.9
Dodging        | |  1.7
Stealth        | |  1.7
Transmutations | |  0.8

Action                   |  1- 3 |  4- 6 |  7- 9 || total
-------------------------+-------+-------+-------++-------
Melee: Hand axe          |    46 |       |       ||    46
       Long sword        |       |    17 |       ||    17
       Trident           |       |    14 |   114 ||   128
       Great sword       |       |       |    66 ||    66
 Cast: Sandblast         |    46 |    94 |    43 ||   183
       Stone Arrow       |       |       |    95 ||    95
  Use: Potion            |     1 |       |     3 ||     4
 Stab: Sleeping          |       |     1 |     7 ||     8
       Paralysed         |       |       |     1 ||     1
       Distracted        |       |       |     1 ||     1
Armor: Ring mail         |    28 |    20 |       ||    48
       Leather armour    |       |     6 |    81 ||    87
Dodge: Dodged            |    39 |    35 |   132 ||   206
Block: Other             |       |       |     6 ||     6
       Rpst.: Long sword |       |     8 |       ||     8
       Great sword       |       |       |    24 ||    24

Table legend: (Time is in decaauts)
 A = Elapsed time spent in this place.
 B = Non-inter-level travel time spent in this place.
 C = Inter-level travel time spent in this place.
 D = Time resting spent in this place.
 E = Time spent auto-exploring this place.
 F = Levels seen in this place.
 G = Mean time per level.
                   A        B        C        D        E       F      G
               +--------+--------+--------+--------+--------+-----+--------+
         Total |  11480 |  11048 |    432 |    881 |   8816 |  10 | 1148.0 |
       Dungeon |  11308 |  10894 |    414 |    881 |   8664 |   9 | 1256.4 |
        Temple |    172 |    154 |     18 |      0 |    152 |   1 |  172.0 |
               +--------+--------+--------+--------+--------+-----+--------+

Top non-repeatable levels by time:
     D:8: 1553 daAuts
     D:9: 1466 daAuts
     D:6: 1375 daAuts
     D:5: 1373 daAuts
     D:2: 1277 daAuts
     D:1: 1143 daAuts
     D:3: 1099 daAuts
     D:7: 1075 daAuts
     D:4: 943 daAuts
  Temple: 172 daAuts
